 Dungeon Crawl Stone Soup version 0.31-a0-988-g08d55dae12 (webtiles) character file.

Game seed: 7735289970018316406

280 BinkBink the Trooper (level 6, -30/39 HPs)
             Began as a Gargoyle Fighter on Nov 4, 2023.
             Was an Initiate of the Shining One.
             Killed by an exploding black bear (45 damage)
             ... ignited by their inner flame
             ... on level 4 of the Dungeon.
             The game lasted 00:03:55 (3705 turns).

BinkBink the Trooper (Gargoyle Fighter)             Turns: 3705, Time: 00:03:56

Health: -30/39     AC: 14    Str: 22    XL:     6   Next: 27%
Magic:  6/6        EV:  7    Int:  8    God:    the Shining One [......]
Gold:   201        SH: 12    Dex:  9    Spells: 5/5 levels left

rFire   . . .        j - +0 whip (venom)
rCold   . . .        i - +0 tower shield
rNeg    + . .        b - +0 scale mail
rPois   ∞            k - +0 helmet
rElec   +            (no cloak)
rCorr   .            (no gloves)
SInv    .            n - +1 pair of boots
Will    .....        (no amulet) Stlth
                     (no ring)
HPRegen 0.26/turn    (no ring)
MPRegen 0.10/turn

%: no passive effects
@: glowing
A: sickness immunity, AC +4, negative energy resistance 1, electricity
resistance, torment resistance 1, petrification resistance
a: Renounce Religion


You were on level 4 of the Dungeon.
You worshipped the Shining One.
The Shining One was noncommittal.
You visited 1 branch of the dungeon, and saw 4 of its levels.

You collected 201 gold pieces.

Inventory:

Hand Weapons
 a - a +0 flail
 j - a +0 whip of venom (weapon)
Armour
 b - a +0 scale mail (worn)
 i - a +0 tower shield (worn)
 k - a +0 helmet (worn)
 n - a +1 pair of boots (worn)
Scrolls
 c - a scroll of immolation
 f - 2 scrolls of teleportation {unknown}
 g - 3 scrolls of identify {unknown}
 h - a scroll of amnesia {unknown}
 p - a scroll of enchant armour {unknown}
 s - a scroll of enchant weapon {unknown}
Potions
 d - a potion of might
 e - a potion of heal wounds {unknown}
 l - a potion of lignification {unknown}
 m - a potion of mutation {unknown}
 o - a potion of enlightenment {unknown}
 q - 2 potions of cancellation {unknown}
 r - a potion of resistance {unknown}


   Skills:
 + Level 4.4 Fighting
 + Level 3.3 Maces & Flails
 + Level 4.3 Armour
 + Level 2.0 Dodging
 + Level 4.4 Shields


You had 5 spell levels left.
You didn't know any spells.
Your spell library was empty.

Dungeon Overview and Level Annotations

Branches:
Dungeon (4/15)             Temple (0/1) D:4

Altars:
The Shining One

Annotations:
D:2 1 runed translucent door, Crazy Yiuf


Innate Abilities, Weirdness & Mutations

You are immune to sickness and miasma.
Your stone body is resilient. (AC +4)
You are immune to poison.
You resist negative energy. (rN+)
You are resistant to electric shocks. (rElec)
You are resistant to unholy torment.
You are immune to petrification.


Message History

You hit the black bear.
The black bear looks as sick as possible!
The black bear is moderately wounded.
The adder barely misses you.
The gnoll hits you from afar with a +0 spear.
The goblin hits you but does no damage. The black bear bites you.
The black bear barely misses you. You block the black bear's attack.
The hobgoblin barely misses you. The adder bites you but does no damage.
You barely miss the black bear.
The black bear is heavily wounded.
You block the gnoll's attack. x2; The goblin closely misses you.
The black bear bites you!
The black bear claws you but does no damage.
The black bear barely misses you.
The hobgoblin hits you but does no damage.
The adder bites you but does no damage.
You hit the black bear.
The black bear looks as sick as possible!
The black bear is heavily wounded.
You block the adder's attack. The gnoll hits you with a +0 whip.
The gnoll closely misses you. The goblin hits you but does no damage.
The black bear bites you.
The black bear claws you but does no damage. x2
The hobgoblin closely misses you. The adder barely misses you.
The black bear bites you but does no damage.
The black bear barely misses you.
The black bear claws you but does no damage.
You block the gnoll's attack. The goblin barely misses you.
The gnoll hits you from afar with a +0 spear.
The hobgoblin barely misses you.
As you read the scroll labelled JIEPSI JIRGHAKLARE, it crumbles to dust.
The creatures around you are filled with an inner flame!
It was a scroll of immolation.
Flame seeps out of the black bear.
The adder bites you but does no damage. You block the gnoll's attack.
The gnoll hits you but does no damage. The goblin hits you but does no damage.
The black bear is engulfed in blazing flames.
The black bear explodes!
The fiery explosion engulfs the adder!!
The fiery explosion engulfs you!!!
Ouch! That really hurt!
You die...

#.
#.......##...#..####.⌠.>.⌠....
#
...##.#..........###...........
.....
####....#.....#.....⌠......
.....
.......##........##..#.##. ....
...........#.#.###...#.### .#..
...##..#...### . #...... .
.......[...# ##....# ##
..#.....##g##...# .<.
##.##.#@○....... # #.g§g##....#
#g.g... ..## ..g.........#
#............. #.........##..
........... .............


You could see 4 gnolls, a hobgoblin (inner flame) and a goblin (inner flame).

Vanquished Creatures
  A black bear (D:4)
  An orc priest (D:3)
  An iguana (D:4)
  An orc wizard (D:3)
  Robin (D:2)
  9 adders
  A worm (D:2)
  9 dart slugs
  2 orcs (D:3)
  4 endoplasms
  5 giant cockroaches
  12 goblins
  13 hobgoblins
  4 jackals (D:4)
  3 quokkas
  8 ball pythons
  6 bats
  2 frilled lizards
  8 kobolds
  7 rats
98 creatures vanquished.

Notes
Turn   | Place    | Note
-------+----------+-------------------------------------------
     0 | D:1      | BinkBink the Gargoyle Fighter began the quest for the Orb.
     0 | D:1      | Reached XP level 1. HP: 14/14 MP: 1/1
   107 | D:1      | Reached XP level 2. HP: 19/19 MP: 2/2
  1022 | D:2      | Reached XP level 3. HP: 23/23 MP: 3/3
  1240 | D:2      | Noticed Robin
  1245 | D:2      | Reached skill level 1 in Dodging
  1266 | D:2      | Killed Robin
  1267 | D:2      | Reached XP level 4. HP: 21/29 MP: 4/4
  1935 | D:2      | Found a runed translucent door.
  1936 | D:2      | Noticed Crazy Yiuf
  2453 | D:3      | Reached XP level 5. HP: 27/33 MP: 5/5
  2513 | D:3      | Found a faded altar of an unknown god.
  3178 | D:3      | Found a glowing golden altar of the Shining One.
  3386 | D:3      | Became a worshipper of the Shining One
  3405 | D:4      | Found a staircase to the Ecumenical Temple.
  3431 | D:4      | Reached XP level 6. HP: 38/38 MP: 6/6
  3695 | D:4      | Noticed a black bear
  3705 | D:4      | Killed a black bear
  3705 | D:4      | Killed by an exploding black bear... ignited by their inner
                  | flame

Illustrated notes

Levels and vault maps discovered:
D:1:      lemuel_arrival_muddy, layout_loops_corners, kennysheep_boxes
D:2:      layout_loops_corners, serial_co_window_serial,
          co_window_of_opportunity_a, co_window_cross_1, co_window_corner_a,
          co_window_paths_a, co_window_corner_a, co_window_paths_a,
          co_window_of_opportunity_b, co_window_broadway_b,
          co_window_unsneaky_path_a, co_window_4corner_a, glass_columns_c,
          glass_columns_a, uniq_crazy_yiuf_cottage, uniq_robin
D:3:      kennysheep_slugbush, layout_basic, tso_oasis_becter,
          basic_ecumenical_altar, nicolae_eternal_life
D:4:      layout_cave_pools, lemuel_tele_altar, temple_fountains,
          kennysheep_generic_room_5

Skill      XL: |  1  2  3  4  5  6 |
---------------+-------------------+-----
Dodging        | 1 2 |  2.0
Shields        | 4 |  4.4
Fighting       | 4 |  4.4
Armour         | 4 |  4.3
Maces & Flails | 3 |  3.3

Action                     |  1- 3 |  4- 6 || total
---------------------------+-------+-------++-------
  Melee: Flail             |    45 |       ||    45
         Whip              |    76 |   198 ||   274
    Use: Scroll            |       |     1 ||     1
 Armour: Scale mail        |    81 |   205 ||   286
  Dodge: Dodged            |    48 |    97 ||   145
  Block: Buckler           |     7 |       ||     7
         Tower shield      |    48 |   191 ||   239

Table legend: (Time is in decaauts)
 A = Elapsed time spent in this place.
 B = Non-inter-level travel time spent in this place.
 C = Inter-level travel time spent in this place.
 D = Time resting spent in this place.
 E = Time spent auto-exploring this place.
 F = Levels seen in this place.
 G = Mean time per level.
                   A        B        C        D        E       F      G
               +--------+--------+--------+--------+--------+-----+--------+
         Total |   3797 |   3549 |    248 |      0 |   2848 |   4 |  949.2 |
       Dungeon |   3797 |   3549 |    248 |      0 |   2848 |   4 |  949.2 |
               +--------+--------+--------+--------+--------+-----+--------+

Top non-repeatable levels by time:
     D:2: 1458 daAuts
     D:3: 1011 daAuts
     D:1: 1003 daAuts
     D:4: 323 daAuts
